AoeStats
← nicorossel70

Arabia

506064240Analyzed
1v1 RM · 19d ago on Sep 12, 2026· 17m 4s· 2 players
Game mode
Random Map
Map size
Tiny (2 player)
Population
200
Speed
Normal
Resources
Standard
Victory
Conquest
Starting age
Dark Age
Ending age
Imperial Age
RankedLock teamsTeams togetherTeam positionsShared explorationLock speedFull tech treeHidden civsTurbo modeCheats
Victory
Defeat
🇨🇳 Spanish · China
1230
+15
🇨🇱 Spanish · Chile
1202
-15
nicorossel70
7:48 Loom
10:35 Feudal Age
14:14 Castle Age
13:00 Double-Bit Axe
南宁T5电竞
8:49 Loom
10:35 Feudal Age
15:28 Castle Age
14:15 Double-Bit Axe
Connection lost

Rejoining the realm…

Still unreachable

The connection could not be restored.

Session expired

The server has moved on; the page needs a fresh start.